 Dungeon Crawl Stone Soup version 0.23-a0-373-g305c090 (webtiles) character file.

49 CanOfBees the Caller (level 3, -3/26 HPs)
             Began as a Merfolk Summoner on Oct 25, 2018.
             Slain by a goblin
             ... wielding a +0 dagger
              (5 damage)
             ... on level 2 of the Dungeon.
             The game lasted 00:04:14 (2007 turns).

CanOfBees the Caller (Merfolk Summoner)             Turns: 2007, Time: 00:04:15

Health: -3/26      AC:  2    Str:  8    XL:     3   Next: 77%
Magic:  2/7        EV: 13    Int: 15    God:
Gold:   46         SH:  0    Dex: 14    Spells: 1/7 levels left

rFire    . . .     SeeInvis .   b - +3 short sword
rCold    . . .     Gourm    .   (no shield)
rNeg     . . .     Faith    .   a - +0 robe
rPois    .         Spirit   .   (no helmet)
rElec    .         Reflect  .   (no cloak)
rCorr    .         Harm     .   (no gloves)
MR       .....                  (no boots)
Stlth    ++........             (no amulet)
HPRegen  0.08/turn              (no ring)
MPRegen  0.10/turn              (no ring)

@: lethally poisoned (-3 -> -7), very slightly contaminated
A: change form in water, swift swim, stealthy swim
a: no special abilities


You were on level 2 of the Dungeon.
You were not hungry.

You visited 1 branch of the dungeon, and saw 2 of its levels.

You collected 46 gold pieces.

Inventory:

Hand Weapons
 b - a +3 short sword (weapon)
Missiles
 d - 3 tomahawks (quivered)
Armour
 a - a +0 robe (worn)
 e - a +0 ring mail
Scrolls
 f - a scroll of immolation {unknown}
 g - a scroll of fear {unknown}
 h - 2 scrolls of enchant armour {unknown}
 i - a scroll of remove curse {unknown}
 j - a scroll of blinking {unknown}
 k - a scroll of magic mapping {unknown}
 l - a scroll of identify {unknown}
Comestibles
 c - 4 rations
 m - a chunk of flesh


   Skills:
 + Level 1.4 Fighting
 - Level 3.0 Dodging
 - Level 2.1 Stealth
 * Level 2.6 Spellcasting
 + Level 4.5 Summonings


You had one spell level left.
You knew the following spells:

 Your Spells              Type           Power        Failure   Level  Hunger
a - Summon Small Mammal   Summ           ###.         3%          1    #......
b - Call Imp              Summ           ###.....     4%          2    ##.....
c - Call Canine Familiar  Summ           ###.....     10%         3    ###....

Your spell library contained the following spells:

 Spells                   Type           Power        Failure   Level  Hunger
 Summon Guardian Golem    Hex/Summ       #.......     24%         3    ###....
 Summon Ice Beast         Ice/Summ       #.......     63%         4    #####..
 Summon Lightning Spire   Summ/Air       #.......     63%         4    #####..


Dungeon Overview and Level Annotations

Branches:
Dungeon (2/15)

Altars:
Ashenzari


Message History

You completely miss the adder.
The adder is heavily wounded.
* * * LOW HITPOINT WARNING * * *
You feel sick. The adder barely misses you.
You hit the adder.
You kill the adder!
The goblin hits your crimson imp with a +0 dagger.
Your crimson imp closely misses the goblin.
* * * LOW HITPOINT WARNING * * *
You feel sick.
The goblin hits your crimson imp with a +0 dagger.
Your crimson imp hits the goblin.
You swap places.
Your crimson imp blinks!
The goblin hits your crimson imp with a +0 dagger.
Your crimson imp hits the goblin.
You swap places.
* * * LOW HITPOINT WARNING * * *
You feel sick. The goblin hits you with a +0 dagger.
You die...

#.# #... #<# #.#.###
### .._..########
#.#.>......+ #.5..#
#.....#.#5#
#.......#†#
#..(..###g# #.....
#@# ..# ....g
#5#######.## .....
#§.......... ##.
#.#.#####.##
#.#.#####.##
#.#.#......##
#.......(...#
#.###....##÷..######
#.............##....


You could see a goblin and 2 friendly crimson imps.

Vanquished Creatures
  2 adders (D:2)
  A dart slug (D:1)
  A goblin (D:2)
  A ball python (D:1)
  4 bats
  2 frilled lizards (D:1)
  4 kobolds
  11 rats
26 creatures vanquished.

Vanquished Creatures (collateral kills)
  2 dart slugs (D:1)
  A leopard gecko (D:1)
  4 hobgoblins (D:1)
  2 jackals (D:1)
  4 kobolds (D:1)
  A rat (D:1)
14 creatures vanquished.

Grand Total: 40 creatures vanquished

Notes
Turn   | Place    | Note
-------+----------+-------------------------------------------
     0 | D:1      | CanOfBees the Merfolk Summoner began the quest for the Orb.
     0 | D:1      | Reached XP level 1. HP: 13/13 MP: 3/3
   443 | D:1      | Reached XP level 2. HP: 15/20 MP: 3/5
   547 | D:1      | Learned a level 2 spell: Call Imp
   810 | D:1      | HP: 1/20 [hobgoblin/+0 club (2)]
   813 | D:1      | Reached skill level 1 in Fighting
  1316 | D:1      | Reached XP level 3. HP: 24/26 MP: 6/6
  1960 | D:2      | Learned a level 3 spell: Call Canine Familiar
  1967 | D:2      | Found a shattered altar of Ashenzari.
  2007 | D:2      | Slain by a goblin

Vault maps used:
D:1:      onia_arrival_handbag
D:2:      ashenzari_altar_1, minmay_hedge_maze

Skill      XL: |  1  2 |
---------------+-------+-----
Dodging        | 3 |  3.0
Fighting       | 1 |  1.4
Stealth        | |  2.1
Spellcasting   | |  2.6
Summonings     | |  4.5

Action                   || total
-------------------------++-------
Melee: Unarmed           ||    24
       Short sword       ||    55
Throw: Tomahawk          ||     8
 Cast: Summon Small Mamm ||     6
       Call Imp          ||    12
 Stab: Sleeping          ||     4
  Eat: Chunk             ||     4
Armor: Robe              ||    14
Dodge: Dodged            ||    80

Table legend:
 A = Non-vault XP
 B = Vault XP
 C = Vault XP percentage of total XP
 D = Non-vault monster count
 E = Vault monster count
 F = Vault count percentage of total count
                 A         B        C        D         E       F
            +---------+---------+-------+---------+---------+-------
      Total |      67 |       4 |   5.6 |      36 |       4 |  10.0
            +---------+---------+-------+---------+---------+-------
        D:1 |      39 |       4 |   9.3 |      28 |       4 |  12.5
        D:2 |      28 |       0 |   0.0 |       8 |       0 |   0.0
            +---------+---------+-------+---------+---------+-------
